 Dungeon Crawl Stone Soup version 0.18.1-6-gd335043 (webtiles) character file.

130 stauk the Magician (level 5, -4/28 HPs)
             Began as a Kobold Wizard on May 17, 2016.
             Slain by a gnoll
             ... wielding a +0 spear
              (8 damage)
             ... on level 3 of the Dungeon.
             The game lasted 02:08:45 (8170 turns).

stauk the Magician (Kobold Wizard)                  Turns: 8170, Time: 02:08:47

Health: -4/28      AC:  2    Str:  5    XL:     5   Next: 36%
Magic:  6/11       EV: 15    Int: 17    God:
Gold:   169        SH:  0    Dex: 15    Spells: 5 memorised, 2 levels left

rFire  . . .     SeeInvis .     s - +2 dagger (drain)
rCold  . . .     Gourm    .     a - +0 robe
rNeg   . . .     Faith    .     (shield restricted)
rPois  .         Spirit   .     b - +0 hat
rElec  .         Dismiss  .     (no cloak)
rCorr  .         Reflect  .     (no gloves)
SustAt .         Harm     .     (no boots)
MR     .....                    (no amulet)
Stlth  ++........               (no ring)
                                (no ring)

@: very slightly contaminated, not resistant to hostile enchantments, unstealthy
A: carnivore 3
a: no special abilities


You were on level 3 of the Dungeon.
You were full.

You visited 1 branch of the dungeon, and saw 3 of its levels.

You collected 169 gold pieces.

Inventory:

Hand Weapons
 g - a +0 dagger
 h - a +0 dagger
 i - a cursed +0 club
 j - a +0 spear
 o - a +0 flail
 s - a +2 dagger of draining (weapon)
 w - a +0 falchion
 A - a +0 whip
 C - a +0 hand crossbow
Missiles
 e - 69 stones (quivered)
 l - 25 poisoned needles
 n - 34 arrows
Armour
 a - a +0 robe (worn)
 b - a +0 hat (worn)
 m - a +0 chain mail
 q - a +0 leather armour
 t - a cursed +0 ring mail
 v - a +0 leather armour
 B - a +0 ring mail
Wands
 k - a wand of teleportation (4/9)
Scrolls
 x - 2 scrolls of identify {unknown}
 y - a scroll of immolation {unknown}
 z - 2 scrolls of amnesia {unknown}
Potions
 f - 2 potions of magic {unknown}
 p - a potion of curing {unknown}
 r - a potion of degeneration {unknown}
 D - a potion of brilliance {unknown}
Books
 c - a book of Minor Magic

   Spells                             Type                      Level
   a - Magic Dart                     Conjuration                  1
   b - Blink                          Translocation                2
   c - Call Imp                       Summoning                    2
   d - Repel Missiles                 Charms/Air                   2
   e - Slow                           Hexes                        2
   f - Conjure Flame                  Conjuration/Fire             3
   g - Mephitic Cloud                 Conjuration/Poison/Air       3
Comestibles
 d - 3 meat rations
 u - a bread ration


   Skills:
 - Level 2.4 Dodging
 - Level 2.6 Stealth
 * Level 4.4 Spellcasting
 - Level 1.0 Conjurations
 - Level 1.0 Hexes
 + Level 2.2 Summonings
 + Level 1.0 Translocations
 - Level 1.1 Air Magic
 + Level 0.6 Poison Magic


You had 2 spell levels left.
You knew the following spells:

 Your Spells              Type           Power        Failure   Level  Hunger
a - Magic Dart            Conj           #...         12%         1    None
b - Call Imp              Summ           ##......     12%         2    ##.....
c - Blink                 Tloc           N/A          17%         2    ##.....
d - Slow                  Hex            #.......     17%         2    ##.....
e - Mephitic Cloud        Conj/Pois/Air  #.......     30%         3    ###....


Dungeon Overview and Level Annotations

Branches:
Dungeon (3/15)

Altars:
Cheibriados
Fedhas
Gozag
Makhleb
Nemelex Xobeh

Annotations:
D:3 Sigmund


Innate Abilities, Weirdness & Mutations

You are small and have problems with some larger weapons.
You are carnivorous and can eat meat at any time.


Message History

The gnoll is moderately wounded.
The gnoll completely misses you.
Your crimson imp barely misses the gnoll.
The gnoll barely misses you.
Your crimson imp hits the gnoll but does no damage.
Casting: Call Imp
Confirm with . or Enter, or press ? or * to list all spells.
A beastly little devil appears in a puff of frigid air.
The gnoll closely misses you.
Your crimson imp blinks!
Casting: Call Imp
Confirm with . or Enter, or press ? or * to list all spells.
You miscast Call Imp.
You are very lightly contaminated with residual magic.
You hear strange voices.
The gnoll hits you from afar with a spear.
* * * LOW HITPOINT WARNING * * *
Your white imp barely misses the gnoll.
The gnoll hits you from afar with a spear!
You die...

.....chh5..g...#
#.#.#
####.#######...#
#.#.#### #...#
#....... #...#
#.###### ###...#
#.#....# #<#cg.#
#.#.##.# #.#gg.#
#......# #.#h#>#
#####.#### #@#s###
#.....#... #.#.###
#.##..#.## #.g5#..
#.##..#... #
##..#.#.#.....#.##
#.
#..#.#.###...#..#
#.##5.#.#.#
#...####
#.....#.#.#
#.......
##..#.#.#.#
#..#####
##.......# #..#


You could see a gnoll and a friendly crimson imp.

Vanquished Creatures
  An ooze (D:1)
  2 giant geckos
  3 orcs (D:3)
  2 giant cockroaches (D:2)
  6 goblins
  A hobgoblin (D:1)
  A jackal (D:2)
  A quokka (D:3)
  4 bats (D:3)
  A giant newt (D:2)
  5 kobolds
  11 rats
38 creatures vanquished.

Vanquished Creatures (collateral kills)
  The ghost of Yehuk the Covered, an amateur GrFi (D:3)
  A gnoll (D:2)
  An adder (D:2)
  An ooze (D:2)
  2 worms (D:2)
  4 dart slugs (D:1)
  A giant gecko (D:1)
  2 orcs (D:3)
  4 bats
  3 giant cockroaches (D:1)
  4 goblins
  6 hobgoblins
  A giant newt (D:1)
  5 kobolds
  2 rats
38 creatures vanquished.

Grand Total: 76 creatures vanquished

Notes
Turn   | Place    | Note
--------------------------------------------------------------
     0 | D:1      | stauk the Kobold Wizard began the quest for the Orb.
     0 | D:1      | Reached XP level 1. HP: 10/10 MP: 4/4
    26 | D:1      | Reached skill level 1 in Conjurations
   225 | D:1      | Reached XP level 2. HP: 2/15 MP: 0/6
   702 | D:1      | Learned a level 2 spell: Call Imp
   705 | D:1      | Learned a level 2 spell: Blink
   708 | D:1      | Learned a level 2 spell: Slow
  1500 | D:1      | Reached XP level 3. HP: 19/19 MP: 0/8
  1897 | D:1      | Reached skill level 1 in Hexes
  3167 | D:2      | Found a sparkling altar of Nemelex Xobeh.
  3167 | D:2      | Found an opulent altar of Gozag.
  3670 | D:2      | Found a burning altar of Makhleb.
  3672 | D:2      | Noticed a balrug
  4207 | D:2      | Reached XP level 4. HP: 22/24 MP: 4/9
  4341 | D:2      | Reached skill level 4 in Spellcasting
  5063 | D:1      | Learned a level 3 spell: Mephitic Cloud
  5414 | D:2      | Noticed a hellwing
  5414 | D:2      | Noticed a smoke demon
  5748 | D:3      | Noticed Yehuk's ghost (amateur GrFi)
  6027 | D:3      | Found a faded altar to an unknown god.
  6666 | D:3      | Found a snail-covered altar of Cheibriados.
  6782 | D:3      | Noticed Sigmund
  7222 | D:3      | Found a blossoming altar of Fedhas.
  7229 | D:3      | Noticed a centaur
  7239 | D:3      | Killed Yehuk's ghost
  7239 | D:3      | Reached skill level 1 in Air Magic
  7239 | D:3      | Reached XP level 5. HP: 26/28 MP: 3/11
  8170 | D:3      | Slain by a gnoll

Skill      XL: |  1  2  3  4 |
---------------+-------------+-----
Conjurations   | 1 |  1.0
Hexes          | 1 |  1.0
Spellcasting   | 4 |  4.4
Summonings     | 2 |  2.2
Air Magic      | 1 |  1.1
Dodging        | |  2.4
Stealth        | |  2.6
Translocations | |  1.0
Poison Magic   | |  0.6

Action                   |  1- 3 |  4- 6 || total
-------------------------+-------+-------++-------
Melee: Dagger            |    33 |    12 ||    45
Throw: Stone             |     1 |       ||     1
 Cast: Magic Dart        |    41 |    40 ||    81
       Call Imp          |    36 |    39 ||    75
       Slow              |    13 |     5 ||    18
       Blink             |     2 |     2 ||     4
       Mephitic Cloud    |       |     4 ||     4
  Use: Scroll            |       |     5 ||     5
 Stab: Confused          |       |     1 ||     1
       Sleeping          |       |     1 ||     1
  Eat: Chunk             |    21 |    10 ||    31
Armor: Robe              |     4 |     8 ||    12
Dodge: Dodged            |    59 |    38 ||    97
